 Dungeon Crawl Stone Soup version 0.29.1-15-g9cfb28693d (webtiles) character file.

Game seed: 7941077072815011483

204 Hugehornet the Insei (level 5, 0/34 HPs)
             Began as an Octopode Transmuter on Feb 21, 2023.
             Slain by an adder (4 damage)
             ... on level 4 of the Dungeon.
             The game lasted 00:06:02 (2940 turns).

Hugehornet the Insei (Octopode Transmuter)          Turns: 2940, Time: 00:06:03

Health: 0/34       AC:  1    Str: 15    XL:     5   Next: 82%
Magic:  9/9        EV: 10    Int: 17    God:
Gold:   238        SH:  0    Dex: 13    Spells: 3/9 levels left

rFire   . . .      SeeInvis .   h - +9 whip "Nicink" {freeze, Will+++}
rCold   . . .      Faith    .   (no shield)
rNeg    . . .      Spirit   .   (helmet restricted)
rPois   .          Reflect  .   (no amulet)
rElec   .          Harm     .   e - +6 ring of strength
rCorr   .          Rampage  .   (no ring)
Will    +++..                   (no ring)
Stlth   ++........              (no ring)
HPRegen 0.11/turn               (no ring)
MPRegen 0.11/turn               (no ring)
                                (no ring)
                                (no ring)

@: lethally poisoned (0 -> -2), constricted
A: almost no armour, amphibious, 8 rings, camouflage 1, gelatinous body 1,
(nimble swimmer 1), tentacles
a: no special abilities


You were on level 4 of the Dungeon.
You visited 1 branch of the dungeon, and saw 4 of its levels.

You collected 238 gold pieces.

Inventory:

Hand Weapons
 h - the +9 whip "Nicink" (weapon) {freeze, Will+++}
   (You found it on level 2 of the Dungeon)

   It freezes those it strikes, dealing additional cold damage.
   It can also slow down cold-blooded creatures.
   Will:      It greatly increases your willpower.
Jewellery
 e - a +6 ring of strength (left tentacle)
 g - a ring of fire
Wands
 k - a wand of iceblast (11)
 l - a wand of paralysis (12)
Scrolls
 c - a scroll of immolation {unknown}
 f - 4 scrolls of identify {unknown}
 i - a scroll of blinking {unknown}
 j - 2 scrolls of enchant weapon {unknown}
Potions
 a - a potion of lignification
 b - 2 potions of mutation {unknown}
 d - a potion of brilliance {unknown}
 m - a potion of curing {unknown}
 n - a potion of flight {unknown}


   Skills:
 + Level 1.9 Fighting
 + Level 2.6 Dodging
 * Level 4.2 Unarmed Combat
 + Level 2.7 Spellcasting
 - Level 3.0 Transmutations
 * Level 2.3 Poison Magic


You had 3 spell levels left.
You knew the following spells:

 Your Spells              Type           Power      Damage    Failure   Level
a - Beastly Appendage     Tmut           24%        N/A       5%          1
b - Wereblood             Tmut           12%        N/A       8%          2
c - Spider Form           Tmut/Pois      11%        N/A       19%         3

Your spell library contained the following spells:

 Spells                   Type           Power      Damage    Failure   Level
 Ice Form                 Ice/Tmut       7%         N/A       67%         4


Dungeon Overview and Level Annotations

Branches:
Dungeon (4/15)
 Temple: D:4-7

Altars:
The Shining One


Innate Abilities, Weirdness & Mutations

You cannot wear most types of armour.
You are amphibious.
You can wear up to eight rings at the same time.
Your skin changes colour to match your surroundings (Stealth+).
Your rubbery body absorbs attacks. (AC +1, EV +1)
((You are camouflaged when in or above water. (Stealth+)))
You have tentacles for arms and can constrict up to eight enemies at once.


Message History

A ball python comes into view.
The gnoll shouts!
The adder hisses angrily.
The gnoll bouda barks out a call to the hunt!
The gnoll picks up the pace!
You hit the gnoll bouda but do no damage.
You grab the gnoll bouda. You constrict the gnoll bouda.
The gnoll bouda hits you with a +0 club!
You hit the gnoll bouda. You freeze the gnoll bouda.
Your squeeze misses the gnoll bouda.
The gnoll bouda is heavily wounded.
You constrict the gnoll bouda.
The gnoll bouda hits you with a +0 club!
* * * LOW HITPOINT WARNING * * *
You are too injured to fight recklessly!
You are too injured to fight recklessly!
You are too injured to fight recklessly!
You release your grip on the gnoll bouda.
The adder attacks as you move away! The adder barely misses you.
The gnoll bouda attacks as you move away!
The gnoll bouda misses you.
The gnoll bouda barks out a call to the hunt!
The gnoll picks up the pace!
The adder bites you but does no damage.
Things that are here:
a +0 spear; a gnoll corpse You see here an adder corpse.
The ball python attacks as you move away!
The ball python barely misses you. x2
The ball python attacks as you move away!
The ball python barely misses you. The ball python closely misses you.
The adder attacks as you move away! The adder bites you.
* * * LOW HITPOINT WARNING * * *
You are poisoned.
The adder poisons you!
You feel sick. The adder misses you.
There is a stone staircase leading up here.
You feel sick. The ball python misses you. The ball python grabs you.
You stop ascending the stairs.
The ball python constricts you.
* * * LOW HITPOINT WARNING * * *
The adder bites you.
You die...

#.....##..# ####
####.........# ...
#............# ##.#
..###..###..####..###
##..## #.g##......#
#...####..g.......#
#..###.......g.#####..
.##.[##........S........
...............S@..###
...............g...#
........##.........#
#......................
#......######......####
######## #......#
########


You could see a gnoll bouda, 3 gnolls, an adder and a ball python.

Vanquished Creatures
  Crazy Yiuf (D:3)
  A hound (D:4)
  7 adders
  A gnoll (D:4)
  2 worms (D:2)
  A dart slug (D:3)
  8 orcs (D:3)
  6 ball pythons
  5 bats
  2 endoplasms (D:2)
  5 giant cockroaches
  5 goblins
  4 hobgoblins
  A quokka (D:3)
  3 frilled lizards
  5 kobolds
  5 rats
62 creatures vanquished.

Notes
Turn   | Place    | Note
-------+----------+-------------------------------------------
     0 | D:1      | Hugehornet the Octopode Transmuter began the quest for the
                  | Orb.
     0 | D:1      | Reached XP level 1. HP: 13/13 MP: 3/3
   181 | D:1      | Reached XP level 2. HP: 11/18 MP: 3/5
  1426 | D:2      | Reached XP level 3. HP: 23/23 MP: 4/6
  1495 | D:2      | Identified the +9 whip "Nicink" {freeze, Will+++}
  1823 | D:2      | Reached XP level 4. HP: 28/28 MP: 7/7
  1826 | D:2      | Learned a level 2 spell: Wereblood
  1830 | D:2      | Learned a level 3 spell: Spider Form
  2010 | D:3      | Found a glowing golden altar of the Shining One.
  2175 | D:3      | Reached skill level 1 in Poison Magic
  2468 | D:3      | Found a runed translucent door.
  2469 | D:3      | Noticed Crazy Yiuf
  2522 | D:3      | Reached skill level 4 in Unarmed Combat
  2522 | D:3      | Reached XP level 5. HP: 33/33 MP: 8/8
  2522 | D:3      | Found a faded altar of an unknown god.
  2709 | D:3      | Killed Crazy Yiuf
  2940 | D:4      | Slain by an adder

Illustrated notes

Levels and vault maps discovered:
D:1:      lightli_arrival_maybe_door_vault, layout_basic
D:2:      minmay_evil_eye, layout_loops_ring, chequers_jeans, st_stairs_5
D:3:      layout_rooms, overflow_temple_1_default,
          hellmonk_ecumenical_altar_leap_of_faith, grunt_ministairs_6,
          uniq_crazy_yiuf_cottage
D:4:      layout_rooms, mainiacjoe_overflow_big_doors,
          minmay_temple_entry_arrows, uniq_natasha

Skill      XL: |  1  2  3  4  5 |
---------------+----------------+-----
Transmutations | 3 |  3.0
Poison Magic   | 1 2 |  2.3
Unarmed Combat | 4 |  4.2
Fighting       | |  1.9
Dodging        | |  2.6
Spellcasting   | |  2.7

Action                   |  1- 3 |  4- 6 || total
-------------------------+-------+-------++-------
Melee: Unarmed           |    43 |       ||    43
       Constrict         |    11 |    11 ||    22
       Tentacles         |     9 |     9 ||    18
       Kick              |     8 |       ||     8
       Punch             |     2 |       ||     2
       Whip              |    13 |    51 ||    64
 Cast: Beastly Appendage |    19 |       ||    19
 Stab: Sleeping          |     3 |     4 ||     7
Armor: Skin              |     4 |     3 ||     7
Dodge: Dodged            |    36 |    38 ||    74
